| TOP OF THE 1ST |
|
Brooklyn Cyclones batting - Pitching for Eugene Emeralds : RHP Scott Hanson
|
|
Pitching: RHP Scott Hanson
|
|
|
Batting: LHB Elmo Dreier
|
0-0: Ground out 5-3 (Groundball, 5L, EV 106.2 MPH)
|
|
Batting: RHB Jack Nickleberry
|
0-0: DOUBLE (Line Drive, 89D, EV 100.6 MPH)
|
|
Batting: RHB Jake Geib
|
0-0: Ball 1-0: Foul Ball, location: 2F 1-1: Foul Ball, location: 2F 1-2: SINGLE (Flyball, 8RS, EV 98.8 MPH) Jack Nickleberry to third
|
|
Batting: LHB Miguel Ramos
|
0-0: Swinging Strike 0-1: Called Strike 0-2: Ball 1-2: Strikes out looking
|
|
Batting: RHB Ryan Marler
|
0-0: Ball 1-0: Called Strike 1-1: Ball 2-1: Ball 3-1: Called Strike 3-2: Foul Ball, location: 2F 3-2: Strikes out swinging
|
| Top of the 1st over - 0 runs, 2 hits, 0 errors, 2 left on base; Brooklyn 0 - Eugene 0 |
| BOTTOM OF THE 1ST |
|
Eugene Emeralds batting - Pitching for Brooklyn Cyclones : RHP Jonathan Colyer
|
|
Pitching: RHP Jonathan Colyer
|
|
|
Batting: RHB Du Kim
|
0-0: Called Strike 0-1: Fly out, F7 (Flyball, 7, EV 90.6 MPH)
|
|
Batting: RHB Ricky Ramirez
|
0-0: Called Strike 0-1: Called Strike 0-2: Fly out, F9 (Flyball, 9S, EV 95.0 MPH)
|
|
Batting: LHB Wing-tat Tai
|
0-0: Foul Ball, location: 2F 0-1: Called Strike 0-2: Foul Ball, location: 2F 0-2: Ball 1-2: Foul Ball, location: 2F 1-2: Ball 2-2: Foul Ball, location: 2F 2-2: Foul Ball, location: 2F 2-2: Ball 3-2: Ground out 5-3 (Groundball, 56, EV 92.5 MPH)
|
| Bottom of the 1st over - 0 runs, 0 hits, 0 errors, 0 left on base; Brooklyn 0 - Eugene 0 |
| TOP OF THE 2ND |
|
Brooklyn Cyclones batting - Pitching for Eugene Emeralds : RHP Scott Hanson
|
|
Batting: RHB Victor Reyes
|
0-0: Ground out 6-3 (Groundball, 6, EV 83.1 MPH)
|
|
Batting: SHB Callum Lynch
|
0-0: Ball 1-0: Ball 2-0: SINGLE (Groundball, 34D, EV 103.1 MPH)
|
|
Batting: SHB Duri Chilemba
|
0-0: Ball 1-0: Ball 2-0: Foul Ball, location: 2F 2-1: Ball 3-1: Base on Balls Callum Lynch to second
|
|
Batting: RHB Roberto Delgado
|
0-0: Called Strike 0-1: Called Strike 0-2: Ball 1-2: Strikes out swinging
|
|
Batting: LHB Elmo Dreier
|
0-0: Swinging Strike 0-1: Ball 1-1: Ball 2-1: Ball 3-1: Ground out 4-3 (Groundball, 4D, EV 110.6 MPH)
|
| Top of the 2nd over - 0 runs, 1 hit, 0 errors, 2 left on base; Brooklyn 0 - Eugene 0 |
| BOTTOM OF THE 2ND |
|
Eugene Emeralds batting - Pitching for Brooklyn Cyclones : RHP Jonathan Colyer
|
|
Batting: RHB Mike Hill
|
0-0: Ball 1-0: Ball 2-0: Foul Ball, location: 2F 2-1: Foul Ball, location: 2F 2-2: Fly out, F1 (Line Drive, P, EV 73.8 MPH)
|
|
Batting: RHB Josh Asch
|
0-0: Ball 1-0: Ball 2-0: Ball 3-0: Base on Balls
|
|
Batting: RHB Adrian Cox
|
0-0: Ball 1-0: Foul Ball, location: 2F 1-1: SINGLE (Groundball, 4M, EV 102.5 MPH) (infield hit) Josh Asch to second
|
|
Batting: RHB David Bousfield
|
0-0: Ball Wild Pitch! Josh Asch to third Adrian Cox to second 1-0: Called Strike 1-1: Swinging Strike 1-2: Strikes out swinging
|
|
Batting: RHB Jorge Lagunas
|
0-0: Called Strike 0-1: Called Strike 0-2: Ground out 4-3 (Groundball, 4M, EV 81.9 MPH)
|
| Bottom of the 2nd over - 0 runs, 1 hit, 0 errors, 2 left on base; Brooklyn 0 - Eugene 0 |
| TOP OF THE 3RD |
|
Brooklyn Cyclones batting - Pitching for Eugene Emeralds : RHP Scott Hanson
|
|
Batting: RHB Jack Nickleberry
|
0-0: Ball 1-0: Ball 2-0: Ball 3-0: Called Strike 3-1: Base on Balls
|
|
Batting: RHB Jake Geib
|
0-0: Ball 1-0: Called Strike 1-1: Swinging Strike 1-2: Strikes out swinging
|
|
Pitching: RHP Victor de Leon
|
|
|
Batting: LHB Miguel Ramos
|
0-0: SINGLE (Groundball, 4D, EV 105.0 MPH) Jack Nickleberry to second Runner from 2nd tries for 3rd, SAFE, throw by CF made to third
|
|
Batting: RHB Ryan Marler
|
0-0: Ball 1-0: Ball 2-0: Ball 3-0: Swinging Strike Passed Ball! Jack Nickleberry scores Miguel Ramos to second 3-1: Foul Ball, location: 2F 3-2: Base on Balls
|
|
Batting: RHB Victor Reyes
|
0-0: Called Strike 0-1: Fly out, F8 (Flyball, 8LXD, EV 96.2 MPH) Runner from 2nd tags up, SAFE at 3rd, no throw by CF
|
|
Batting: SHB Callum Lynch
|
0-0: Ball 1-0: Fielders Choice at 2nd, 6-4 (Groundball, 6, EV 80.6 MPH)
|
| Top of the 3rd over - 1 run, 1 hit, 0 errors, 2 left on base; Brooklyn 1 - Eugene 0 |
| BOTTOM OF THE 3RD |
|
Eugene Emeralds batting - Pitching for Brooklyn Cyclones : RHP Jonathan Colyer
|
|
Batting: RHB Dan Orozco
|
0-0: Called Strike 0-1: Foul Ball, location: 2F 0-2: Ball 1-2: Ball 2-2: Foul Ball, location: 2F 2-2: Ground out U3 (Groundball, 34, EV 83.8 MPH)
|
|
Batting: RHB Du Kim
|
0-0: Called Strike 0-1: Foul Ball, location: 2F 0-2: Ball 1-2: Foul Ball, location: 2F 1-2: Ball 2-2: Ball 3-2: Ground out 6-3 (Groundball, 6M, EV 80.6 MPH)
|
|
Batting: RHB Ricky Ramirez
|
0-0: Swinging Strike 0-1: Foul Ball, location: 2F 0-2: Hit by Pitch
|
|
Batting: LHB Wing-tat Tai
|
0-0: Ball 1-0: Ball 2-0: Foul Ball, location: 2F 2-1: Ball 3-1: Swinging Strike 3-2: Foul Ball, location: 2F 3-2: Base on Balls Ricky Ramirez to second
|
|
Batting: RHB Mike Hill
|
0-0: Called Strike 0-1: Foul Ball, location: 2F 0-2: Ball 1-2: Foul Ball, location: 2F 1-2: Strikes out swinging
|
| Bottom of the 3rd over - 0 runs, 0 hits, 0 errors, 2 left on base; Brooklyn 1 - Eugene 0 |
| TOP OF THE 4TH |
|
Brooklyn Cyclones batting - Pitching for Eugene Emeralds : RHP Victor de Leon
|
|
Batting: SHB Duri Chilemba
|
0-0: Ball 1-0: Called Strike 1-1: Foul Ball, location: 2F 1-2: Strikes out looking
|
|
Batting: RHB Roberto Delgado
|
0-0: Called Strike 0-1: Ball 1-1: Ball 2-1: Swinging Strike 2-2: Ball 3-2: Strikes out swinging, 2-3 out at first.
|
|
Batting: LHB Elmo Dreier
|
0-0: SOLO HOME RUN (Flyball, 9D, EV 96.2 MPH), Distance : 384 ft
|
|
Batting: RHB Jack Nickleberry
|
0-0: Called Strike 0-1: Fly out, F7 (Flyball, 7D, EV 101.9 MPH)
|
| Top of the 4th over - 1 run, 1 hit, 0 errors, 0 left on base; Brooklyn 2 - Eugene 0 |
| BOTTOM OF THE 4TH |
|
Eugene Emeralds batting - Pitching for Brooklyn Cyclones : RHP Jonathan Colyer
|
|
Batting: RHB Josh Asch
|
0-0: Ball 1-0: Called Strike 1-1: Called Strike 1-2: Ground out 5-3 (Groundball, 56, EV 88.8 MPH)
|
|
Batting: RHB Adrian Cox
|
0-0: Ball 1-0: Foul Ball, location: 2F 1-1: Ball 2-1: Swinging Strike 2-2: Foul Ball, location: 2F 2-2: Ball 3-2: Base on Balls
|
|
Batting: RHB David Bousfield
|
0-0: Ball Adrian Cox steals 2nd base 1-0: DOUBLE (Line Drive, 78D, EV 103.1 MPH) Adrian Cox scores
|
|
Batting: RHB Jorge Lagunas
|
0-0: Called Strike 0-1: Ball 1-1: Ball 2-1: Swinging Strike 2-2: Strikes out swinging
|
|
Batting: RHB Dan Orozco
|
0-0: Ball 1-0: Called Strike 1-1: Ball 2-1: Ground out 6-3 (Groundball, 56D, EV 86.9 MPH)
|
| Bottom of the 4th over - 1 run, 1 hit, 0 errors, 1 left on base; Brooklyn 2 - Eugene 1 |
| TOP OF THE 5TH |
|
Brooklyn Cyclones batting - Pitching for Eugene Emeralds : RHP Victor de Leon
|
|
Batting: RHB Jake Geib
|
0-0: Ball 1-0: Ball 2-0: Fly out, F9 (Flyball, 9S, EV 83.8 MPH)
|
|
Batting: LHB Miguel Ramos
|
0-0: Called Strike 0-1: Called Strike 0-2: Ball 1-2: Strikes out looking
|
|
Batting: RHB Ryan Marler
|
0-0: Foul Ball, location: 2F 0-1: Called Strike 0-2: Ground out 5-3 (Groundball, 56, EV 100.0 MPH)
|
| Top of the 5th over - 0 runs, 0 hits, 0 errors, 0 left on base; Brooklyn 2 - Eugene 1 |
| BOTTOM OF THE 5TH |
|
Eugene Emeralds batting - Pitching for Brooklyn Cyclones : RHP Jonathan Colyer
|
|
Batting: RHB Du Kim
|
0-0: Fly out, F7 (Flyball, 78M, EV 93.8 MPH)
|
|
Batting: RHB Ricky Ramirez
|
0-0: Ball 1-0: Foul Ball, location: 2F 1-1: DOUBLE (Flyball, 8RD, EV 90.0 MPH)
|
|
Batting: LHB Wing-tat Tai
|
0-0: Ball 1-0: Ball 2-0: Foul Ball, location: 2F 2-1: Fly out, F7 (Flyball, 7LS, EV 86.9 MPH)
|
|
Batting: RHB Mike Hill
|
0-0: Called Strike 0-1: Swinging Strike 0-2: Ball 1-2: Strikes out looking
|
| Bottom of the 5th over - 0 runs, 1 hit, 0 errors, 1 left on base; Brooklyn 2 - Eugene 1 |
| TOP OF THE 6TH |
|
Brooklyn Cyclones batting - Pitching for Eugene Emeralds : RHP Victor de Leon
|
|
Batting: RHB Victor Reyes
|
0-0: Called Strike 0-1: Foul Ball, location: 2F 0-2: Strikes out looking
|
|
Batting: SHB Callum Lynch
|
0-0: Called Strike 0-1: SINGLE (Line Drive, 7S, EV 103.1 MPH)
|
|
Batting: SHB Duri Chilemba
|
0-0: Called Strike 0-1: Swinging Strike 0-2: Foul Ball, location: 2F 0-2: Ball 1-2: Fly out, F7 (Flyball, 7, EV 99.4 MPH)
|
|
Pitching: RHP Reginald Bamber
|
|
|
Batting: LHB Brian Levensailor
|
0-0: Ball Callum Lynch steals 2nd base 1-0: Ball 2-0: Ball 3-0: Called Strike 3-1: Base on Balls
|
|
Batting: LHB Elmo Dreier
|
0-0: Swinging Strike 0-1: Ball 1-1: Ball 2-1: Foul Ball, location: 2F 2-2: Strikes out looking
|
| Top of the 6th over - 0 runs, 1 hit, 0 errors, 2 left on base; Brooklyn 2 - Eugene 1 |
| BOTTOM OF THE 6TH |
|
Eugene Emeralds batting - Pitching for Brooklyn Cyclones : RHP Jonathan Colyer
|
|
Pitching: RHP Brett Cooke
|
|
|
Batting: RHB Josh Asch
|
0-0: Ball 1-0: Ball 2-0: Ball 3-0: Base on Balls
|
|
Batting: RHB Adrian Cox
|
0-0: Called Strike 0-1: Called Strike 0-2: SINGLE (Line Drive, 9LM, EV 103.1 MPH) Josh Asch to second
|
|
Batting: RHB David Bousfield
|
0-0: Ground out 5-3 (Groundball, 56S, EV 76.2 MPH) Josh Asch to third Adrian Cox to second
|
|
Batting: RHB Jorge Lagunas
|
0-0: Called Strike 0-1: Called Strike 0-2: Strikes out swinging
|
|
Batting: RHB Dan Orozco
|
0-0: Foul Ball, location: 2F 0-1: Ball 1-1: Ground out U3 (Groundball, 13, EV 80.0 MPH)
|
| Bottom of the 6th over - 0 runs, 1 hit, 0 errors, 2 left on base; Brooklyn 2 - Eugene 1 |
| TOP OF THE 7TH |
|
Brooklyn Cyclones batting - Pitching for Eugene Emeralds : RHP Reginald Bamber
|
|
Batting: RHB Jack Nickleberry
|
0-0: Called Strike 0-1: Ball 1-1: Ground out 5-3 (Groundball, 56, EV 83.1 MPH)
|
|
Batting: RHB Jake Geib
|
0-0: Ball 1-0: Ball 2-0: Ball 3-0: Base on Balls
|
|
Batting: LHB Miguel Ramos
|
0-0: Ball 1-0: Called Strike 1-1: Ball 2-1: Swinging Strike 2-2: Fly out, F8 (Flyball, 8RD, EV 89.4 MPH)
|
|
Batting: RHB Ryan Marler
|
0-0: Foul Ball, location: 2F 0-1: Foul Ball, location: 2F 0-2: Strikes out looking
|
| Top of the 7th over - 0 runs, 0 hits, 0 errors, 1 left on base; Brooklyn 2 - Eugene 1 |
| BOTTOM OF THE 7TH |
|
Eugene Emeralds batting - Pitching for Brooklyn Cyclones : RHP Brett Cooke
|
|
Batting: RHB Du Kim
|
0-0: SINGLE (Groundball, 25, EV 70.6 MPH) (infield hit)
|
|
Batting: RHB Ricky Ramirez
|
0-0: DOUBLE (Line Drive, 9LM, EV 105.6 MPH) Du Kim to third
|
|
Batting: LHB Wing-tat Tai
|
0-0: Ball 1-0: Foul Ball, location: 2F 1-1: Ball 2-1: Foul Ball, location: 2F 2-2: Foul Ball, location: 2F 2-2: Foul Ball, location: 2F 2-2: Foul Ball, location: 2F 2-2: Hit by Pitch
|
|
Batting: RHB Mike Hill
|
0-0: Ball 1-0: Called Strike 1-1: Ball 2-1: Foul Ball, location: 2F 2-2: Strikes out looking
|
|
Pitching: LHP Scott Carr
|
|
|
Batting: RHB Josh Asch
|
0-0: Called Strike 0-1: Ball 1-1: Foul Ball, location: 2F 1-2: SINGLE (Line Drive, 34D, EV 103.1 MPH) Du Kim scores Ricky Ramirez to third Wing-tat Tai to second
|
|
Batting: RHB Adrian Cox
|
0-0: Called Strike 0-1: Ball 1-1: Foul Ball, location: 2F 1-2: Ball 2-2: Foul Ball, location: 2F 2-2: Foul Ball, location: 2F 2-2: Foul Ball, location: 2F 2-2: Foul Ball, location: 2F 2-2: Strikes out swinging
|
|
Batting: RHB David Bousfield
|
0-0: Foul Ball, location: 2F 0-1: Called Strike 0-2: Strikes out swinging
|
| Bottom of the 7th over - 1 run, 3 hits, 0 errors, 3 left on base; Brooklyn 2 - Eugene 2 |
| TOP OF THE 8TH |
|
Brooklyn Cyclones batting - Pitching for Eugene Emeralds : RHP Reginald Bamber
|
|
Pinch Hitting: RHB Jayden Copeland
|
0-0: Called Strike 0-1: Called Strike 0-2: Ball 1-2: Strikes out swinging
|
|
Batting: SHB Callum Lynch
|
0-0: Reached via error on a dropped throw from 1B, E1 (Groundball, 34, EV 86.2 MPH)
|
|
Pinch Hitting: RHB Frank Shaw
|
0-0: Called Strike 0-1: Swinging Strike 0-2: Strikes out swinging
|
|
Batting: LHB Brian Levensailor
|
0-0: Called Strike 0-1: Ball Callum Lynch steals 2nd base 1-1: Fly out, F8 (Flyball, 8RXD, EV 93.8 MPH)
|
| Top of the 8th over - 0 runs, 0 hits, 1 error, 1 left on base; Brooklyn 2 - Eugene 2 |
| BOTTOM OF THE 8TH |
|
Eugene Emeralds batting - Pitching for Brooklyn Cyclones : LHP Scott Carr
|
|
Now at 2B: Matt Tittle
|
|
|
Now at 3B: Trent Hood
|
|
|
Batting: RHB Jorge Lagunas
|
0-0: Foul Ball, location: 2F 0-1: Swinging Strike 0-2: Foul Ball, location: 2F 0-2: Foul Ball, location: 2F 0-2: Ball 1-2: Strikes out swinging
|
|
Batting: RHB Dan Orozco
|
0-0: Ball 1-0: Ball 2-0: Ball 3-0: Base on Balls
|
|
Batting: RHB Du Kim
|
0-0: Bunted foul 0-1: Ball Dan Orozco is caught stealing 2nd base 2-4 1-1: Ball 2-1: Foul Ball, location: 2F 2-2: Foul Ball, location: 2F 2-2: Foul Ball, location: 2F 2-2: Ball 3-2: Foul Ball, location: 2F 3-2: Strikes out swinging
|
| Bottom of the 8th over - 0 runs, 0 hits, 0 errors, 0 left on base; Brooklyn 2 - Eugene 2 |
| TOP OF THE 9TH |
|
Brooklyn Cyclones batting - Pitching for Eugene Emeralds : RHP Reginald Bamber
|
|
Pitching: RHP Alberto Cabrera
|
|
|
Batting: LHB Elmo Dreier
|
0-0: Ball 1-0: Ball 2-0: Foul Ball, location: 2F 2-1: Ball 3-1: Base on Balls
|
|
Batting: RHB Jack Nickleberry
|
0-0: Ball Elmo Dreier is caught stealing 2nd base 2-4 1-0: Reached on error, E5 (Groundball, 56, EV 86.9 MPH)
|
|
Batting: RHB Jake Geib
|
0-0: Foul Ball, location: 2F 0-1: SINGLE (Groundball, 6MD, EV 108.1 MPH) Jack Nickleberry to third
|
|
Batting: LHB Miguel Ramos
|
0-0: Ball 1-0: Swinging Strike 1-1: SINGLE (Groundball, 34, EV 98.1 MPH) Jack Nickleberry scores Jake Geib to second Runner from 2nd tries for 3rd, SAFE, throw by RF made to third
|
|
Batting: RHB Ryan Marler
|
0-0: Ball 1-0: Ball 2-0: Called Strike 2-1: Foul Ball, location: 2F 2-2: Ball 3-2: Reached on error, E3 (Groundball, 34, EV 83.1 MPH) Jake Geib scores Miguel Ramos to second
|
|
Batting: RHB Trent Hood
|
0-0: Ball 1-0: Ball 2-0: SINGLE (Groundball, 6MD, EV 95.0 MPH) Miguel Ramos to third Ryan Marler to second
|
|
Batting: SHB Callum Lynch
|
0-0: Foul Ball, location: 2F 0-1: Swinging Strike 0-2: Ball 1-2: Ball Balk! Miguel Ramos scores Ryan Marler to third Trent Hood to second 2-2: Strikes out looking
|
|
Batting: RHB Matt Tittle
|
0-0: Ball 1-0: Fly out, F7 (Flyball, 7D, EV 96.9 MPH)
|
| Top of the 9th over - 3 runs, 3 hits, 2 errors, 2 left on base; Brooklyn 5 - Eugene 2 |
| BOTTOM OF THE 9TH |
|
Eugene Emeralds batting - Pitching for Brooklyn Cyclones : LHP Scott Carr
|
|
Pitching: RHP Leo Burgos
|
|
|
Now at 1B: Salvador Gomez
|
|
|
Now in LF: Ryan Brown
|
|
|
Now in CF: Jake Geib
|
|
|
Now in RF: Callum Lynch
|
|
|
Batting: RHB Ricky Ramirez
|
0-0: Swinging Strike 0-1: Ball 1-1: Called Strike 1-2: Strikes out looking
|
|
Batting: LHB Wing-tat Tai
|
0-0: Ball 1-0: Called Strike 1-1: Ball 2-1: Swinging Strike 2-2: Ball 3-2: Base on Balls
|
|
Batting: RHB Mike Hill
|
0-0: Ball 1-0: Called Strike 1-1: SINGLE (Line Drive, 6D, EV 96.2 MPH) Wing-tat Tai to second
|
|
Batting: RHB Josh Asch
|
0-0: Ball 1-0: Foul Ball, location: 2F 1-1: Foul Ball, location: 2F 1-2: Strikes out swinging
|
|
Pinch Hitting: LHB Emir Jalil
|
0-0: Ball 1-0: Ground out U3 (Groundball, 13, EV 88.1 MPH)
|
| Bottom of the 9th over - 0 runs, 1 hit, 0 errors, 2 left on base; Brooklyn 5 - Eugene 2 |
|